 Dungeon Crawl Stone Soup version 0.30.1-9-gdf580d7c3d (webtiles) character file.

Game seed: 17357246825700002292

71608 pkoi the Severer (level 14, -16/121 HPs)
             Began as a Minotaur Gladiator on Sept 30, 2023.
             Was a High Priest of Okawaru.
             Succumbed to a death drake's dark miasma
             ... on level 1 of the Abyss on Oct 1, 2023.
             The game lasted 00:35:42 (18167 turns).

pkoi the Severer (Minotaur Gladiator)              Turns: 18167, Time: 00:35:42

Health: -16/121    AC: 32    Str: 21    XL:     14   Next: 98%
Magic:  19/19      EV: 15    Int:  8    God:    Okawaru [*****.]
Gold:   1813       SH:  0    Dex: 13    Spells: 13/13 levels left

rFire   . . .        u - +1 broad axe (elec)
rCold   . . .        (no shield)
rNeg    . . .        T - +8 chain mail of pkoi's Duty {Will+ Int+3}
rPois   .            r - +1 hat
rElec   .            y - +2 cloak {rCorr}
rCorr   +            h - +1 pair of gloves
SInv    .            (no boots)
Will    ++...        g - amulet of regeneration Stlth
                     i - +5 ring of evasion
HPRegen 2.00/turn    b - +4 ring of protection
MPRegen 0.16/turn

%: no passive effects
@: lethally poisoned (-16 -> -104), slowed, studying 2 skills, very slow
A: horns 2, retaliatory headbutt, dopey 1, frail 1, regeneration 1, MP-powered
wands
a: Renounce Religion, Heroism, Finesse, Duel


You were on level 1 of the Abyss.
You worshipped Okawaru.
Okawaru was extremely pleased with you.
You visited 3 branches of the dungeon, and saw 18 of its levels.
You visited the Abyss 1 time.
You also visited: Sewer, Ossuary, Gauntlet and Volcano.

You collected 1813 gold pieces.

Inventory:

Hand Weapons
 a - a +0 war axe
 u - a +1 broad axe of electrocution (weapon)
Missiles
 d - 4 throwing nets (quivered)
 e - 22 javelins
 z - 6 datura-tipped darts
 C - 9 curare-tipped darts
 K - 27 poisoned darts
 U - 5 silver javelins
 V - 2 boomerangs of dispersal
 W - a boomerang
Armour
 h - a +1 pair of gloves (worn)
 r - a +1 hat (worn)
 y - a +2 cloak of preservation (worn)
 T - the +8 chain mail of pkoi's Duty (worn) {Will+ Int+3}
   (Okawaru gifted it to you on level 1 of the Lair of Beasts)

   Int:       It affects your intelligence (+3).
   Will:      It increases your willpower.
Jewellery
 b - a +4 ring of protection (right hand)
 g - an amulet of regeneration (around neck)
 i - a +5 ring of evasion (left hand)
 k - a ring of fire
 n - a ring of ice
 H - a ring of resist corrosion
 J - a ring of positive energy
Wands
 c - a wand of flame (39)
 t - a wand of mindburst (15)
 w - a wand of polymorph (6)
 Q - a wand of acid (1)
 X - a wand of iceblast (5)
Scrolls
 l - 2 scrolls of enchant weapon
 m - 9 scrolls of identify
 s - 8 scrolls of teleportation
 A - 5 scrolls of blinking
 F - 3 scrolls of brand weapon
 L - a scroll of acquirement
 M - 6 scrolls of fear
 N - 3 scrolls of amnesia
 O - a scroll of enchant armour
 R - a scroll of magic mapping
Potions
 f - 4 potions of invisibility
 j - 8 potions of lignification
 o - 4 potions of ambrosia
 p - 4 potions of magic
 q - 7 potions of heal wounds
 v - 3 potions of cancellation
 x - 3 potions of might
 B - 2 potions of flight
 E - 7 potions of curing
 G - 6 potions of brilliance
 I - 3 potions of resistance
 P - 5 potions of berserk rage
 S - 3 potions of haste
Miscellaneous
 D - a phial of floods


   Skills:
 + Level 15.6 Fighting
 + Level 17.1 Axes
 - Level 12.0 Throwing
 - Level 15.3 Armour
 + Level 4.0 Dodging
 - Level 9.0 Invocations
 - Level 0.5 Evocations


You had 13 spell levels left.
You didn't know any spells.
Your spell library contained the following spells:

 Spells                   Type           Power      Damage    Failure   Level
 Apportation              Tloc           0%         N/A       86%         1
 Necrotise                Necr           0%         1d4       86%         1
 Cigotuvi's Dreadful Rot  Necr/Pois/Air  0%         N/A       95%         2
 Ensorcelled Hibernation  Hex/Ice        0%         N/A       95%         2
 Passwall                 Tmut/Erth      0%         N/A       95%         2
 Scorch                   Fire           0%         2d5       95%         2
 Ignite Poison            Fire/Tmut/Pois 0%         N/A       99%         3
 Spider Form              Tmut/Pois      0%         N/A       99%         3
 Stone Arrow              Conj/Erth      0%         3d7       99%         3
 Swiftness                Air            0%         N/A       99%         3
 Vampiric Draining        Necr           0%         2d6       99%         3
 Anguish                  Hex/Necr       0%         N/A       100%        4
 Flame Wave               Conj/Fire      0%         2d4       100%        4
 Agony                    Necr           0%         N/A       100%        5
 Fireball                 Conj/Fire      0%         3d3       100%        5
 Freezing Cloud           Conj/Ice/Air   0%         6-21      100%        5
 Iskenderun's Battlesphe  Conj           0%         2d6       100%        5
 Conjure Ball Lightning   Conj/Air       0%         3x3d6     100%        6
 Orb of Destruction       Conj           0%         9d5       100%        7
 Lehudib's Crystal Spear  Conj/Erth      0%         10d2      100%        8
 Summon Small Mammal      Summ           Unusable   N/A       N/A         1
 Animate Armour           Summ/Erth      Unusable   N/A       N/A         4
 Summon Cactus Giant      Summ           Unusable   N/A       N/A         6

Dungeon Overview and Level Annotations

Branches:
Dungeon (12/15)            Temple (1/1) D:7            Lair (5/5) D:11
 Shoals (0/4) Lair:3        Snake (0/4) Lair:2        Slime (0/5) Lair:4
    Orc (0/2) D:12          Sewer (visited)         Ossuary (visited)
Volcano (visited)         Gauntlet (visited)

Altars:
Ashenzari
Cheibriados
Dithmenos
Elyvilon
Fedhas
Gozag
Hepliaklqana
Kikubaaqudgha
Makhleb
Nemelex Xobeh
Okawaru
Qazlal
Ru
Sif Muna
Trog
Uskayaw
Vehumet
Wu Jian
Xom
Yredelemnul
Zin
The Shining One
Jiyva
Lugonu

Shops:
D:9 [

Portals:
Abyss: D:9 D:11

Annotations:
D:8 1 runed translucent door, bairyn's ghost, novice DESu
D:9 2 transporters, Runnerthe2's ghost, novice MiBe
D:11 2 runed translucent doors
D:12 Sonja
Lair:2 1 runed translucent door, leafyfresh's ghost, journeyman DjIE


Innate Abilities, Weirdness & Mutations

You have a pair of horns on your head.
You reflexively headbutt those who attack you in melee.
You are dopey. (Int -2)
You are frail. (-10% HP)
Your natural rate of healing is unusually fast.
You expend magic power (3 MP) to strengthen your wands.


Message History

The death drake is heavily wounded.
You are engulfed in dark miasma.
You are more poisoned.
You feel extremely sick.
The death drake bites you but does no damage.
You slash the death drake!
The death drake is severely wounded.
You are engulfed in dark miasma.
You are more poisoned.
You feel extremely sick. The death drake misses you.
You completely miss the death drake.
The death drake is severely wounded.
You are engulfed in dark miasma.
You are more poisoned.
You feel extremely sick. The death drake barely misses you.
You hit the death drake but do no damage.
You headbutt the death drake, but do no damage.
The death drake is severely wounded.
You are engulfed in dark miasma.
You are more poisoned.
You feel yourself slow down.
You feel extremely sick.
You closely miss the death drake.
The death drake is severely wounded.
You are engulfed in dark miasma.
You are more poisoned.
* * * LOW HITPOINT WARNING * * *
You feel extremely sick.
The death drake bites you but does no damage.
The death drake bites you.
* * * LOW HITPOINT WARNING * * *
You slice the death drake!!
The death drake is almost dead.
You are engulfed in dark miasma.
You are more poisoned.
You feel as though you will be slow longer.
* * * LOW HITPOINT WARNING * * *
You die...

#.# ### # #
..#### #### ####.
. #
#...###.#.####
#### #
...###.#.### ###
......#.#..
.....# . .
#.###.k#○#.##....
.# #.@#°.###...
.# #...###☼°# ..
## #....# #○#° .
...# #..#.# #.°.#
## #. . ...##
.#☼###. # # .. .
# .. . . .#


You could see a death drake.

Vanquished Creatures
  Frances (D:12)
  4 tentacled starspawn (Abyss:1)
  A stone giant (Volcano)
  A minotaur (Gauntlet)
  3 hydras
  A merfolk avatar (Lair:5)
  A boulder beetle (Lair:5)
  An anaconda (Lair:5)
  2 two-headed ogres
  2 alligators (Lair:5)
  A death yak (Lair:5)
  Nergalle (D:12)
  2 thrashing horrors (Gauntlet)
  A fire crab (Gauntlet)
  A skyshark (Lair:4)
  3 skeletal warriors (D:12)
  A sea snake (Lair:5)
  Lodul (D:12)
  An orange crystal statue (Gauntlet)
  An orc knight (D:11)
  2 ugly things
  2 manticores
  13 elephants
  2 black mambas
  13 cane toads
  A water nymph (Lair:3)
  2 molten gargoyles (Volcano)
  A smoke demon (Abyss:1)
  A torpor snail (Lair:5)
  An efreet (Volcano)
  An unseen horror (D:10)
  21 rime drakes
  11 komodo dragons
  An ancient zyme (Abyss:1)
  A wolf spider simulacrum (Gauntlet)
  5 trolls
  6 polar bears
  2 hornets (Lair:5)
  3 wind drakes (Lair:5)
  5 dream sheep (Lair:5)
  8 blink frogs
  A snapping turtle (Lair:5)
  A raiju (Abyss:1)
  2 shadows (Gauntlet)
  2 slime creatures (D:7)
  A centaur simulacrum (Gauntlet)
  Sigmund (D:2)
  4 wyverns
  A wraith (D:11)
  47 yaks
  A vampire (D:9)
  3 fire elementals (Volcano)
  A basilisk (Lair:2)
  Grum (D:8)
  9 steam dragons
  10 fire bats
  Menkaure (D:5)
  5 vampire mosquitoes (D:12)
  Edmund (D:5)
  An acid dragon (D:11)
  3 nagas (Lair:2)
  17 water moccasins
  5 orc warriors
  3 hell hounds
  A sky beast (D:8)
  20 ogres
  6 black bears
  15 wolves
  11 centaurs
  6 kobold brigands
  2 phantoms
  Blork the orc (D:5)
  2 gnoll sergeants (D:12)
  12 bullfrogs
  An earth elemental (Volcano)
  A cane toad simulacrum (Gauntlet)
  5 small abominations
  3 scorpions
  5 water moccasin zombies (Ossuary)
  16 killer bees
  4 howler monkeys
  3 electric eels (Lair:1)
  5 lava snakes (Volcano)
  15 jellies
  A gnoll bouda (D:9)
  Crazy Yiuf (D:2)
  An orc priest (D:9)
  A hound (D:5)
  4 sleepcaps (D:5)
  9 starcursed masses (Abyss:1)
  Ijyb (D:5)
  Terence (D:2)
  6 iguanas
  Natasha (thrice) (D:2)
  4 orc wizards
  2 mummies (Ossuary)
  6 gnolls
  5 adders
  A shadow imp (D:5)
  3 white imps (Abyss:1)
  5 ufetubi
  5 adder zombies (Ossuary)
  4 worms
  3 dart slugs
  28 orcs
  18 ball pythons
  27 endoplasms
  10 giant cockroaches
  12 goblins
  7 hobgoblins
  8 jackals
  31 kobolds
  10 quokkas
  6 bats
  6 frilled lizards (Sewer)
  3 gnoll zombies (Ossuary)
  4 hobgoblin zombies (Ossuary)
  6 kobold zombies (Ossuary)
  7 orc zombies (Ossuary)
  11 rats
  6 starspawn tentacles (Abyss:1)
653 creatures vanquished.

Vanquished Creatures (others)
  2 rime drakes (Lair:2)
  A steam dragon (Lair:2)
  2 gnolls (D:9)
  6 starspawn tentacles (Abyss:1)
11 creatures vanquished.

Grand Total: 664 creatures vanquished

Notes
Turn   | Place    | Note
-------+----------+-------------------------------------------
     0 | D:1      | pkoi the Minotaur Gladiator began the quest for the Orb.
     0 | D:1      | Reached XP level 1. HP: 18/18 MP: 0/0
    37 | D:1      | Reached skill level 4 in Axes
   105 | D:1      | Reached XP level 2. HP: 24/25 MP: 1/1
   355 | D:1      | Reached skill level 5 in Axes
   364 | D:1      | Reached XP level 3. HP: 14/30 MP: 2/2
   514 | D:1      | Found a faded altar of an unknown god.
   543 | D:1      | Prayed at the altar of an unknown god.
   543 | D:1      | Became a worshipper of Warmaster Okawaru
   543 | D:1      | Reached * piety under Okawaru
  1239 | D:2      | Noticed Sigmund
  1415 | D:2      | Noticed Terence
  1477 | D:2      | Reached skill level 1 in Armour
  1599 | D:2      | Killed Terence
  1600 | D:2      | Reached skill level 1 in Invocations
  1600 | D:2      | Reached XP level 4. HP: 29/38 MP: 3/3
  2090 | D:3      | Found a white marble altar of Elyvilon.
  2191 | D:3      | Found a glowing golden altar of the Shining One.
  2449 | D:4      | Reached XP level 5. HP: 45/45 MP: 5/5
  2574 | D:4      | Found a sand-covered staircase.
  2579 | Ossuary  | Entered an ossuary
  2647 | Ossuary  | Reached skill level 6 in Axes
  2647 | Ossuary  | Reached XP level 6. HP: 52/52 MP: 6/6
  2685 | Ossuary  | Reached ** piety under Okawaru
  2806 | D:4      | Reached XP level 7. HP: 58/60 MP: 8/8
  2849 | D:4      | Reached skill level 5 in Fighting
  3442 | D:2      | Killed Sigmund
  3443 | D:2      | Reached skill level 7 in Axes
  3531 | D:2      | Noticed Natasha
  3535 | D:2      | Killed Natasha
  3675 | D:2      | Found a runed translucent door.
  3676 | D:2      | Noticed Crazy Yiuf
  3835 | D:2      | Killed Crazy Yiuf
  3883 | D:2      | Noticed Natasha
  3887 | D:2      | Killed Natasha
  3896 | D:2      | Noticed Natasha
  3901 | D:2      | Killed Natasha
  4002 | D:5      | Entered Level 5 of the Dungeon
  4056 | D:5      | Reached XP level 8. HP: 70/70 MP: 10/10
  4107 | D:5      | Reached skill level 5 in Armour
  4115 | D:5      | Gained mutation: You have hidden genetic defects. [potion
                  | of mutation]
  4115 | D:5      | Gained mutation: Your natural rate of healing is unusually
                  | fast. [potion of mutation]
  4115 | D:5      | Gained mutation: You expend magic power (3 MP) to
                  | strengthen your wands. [potion of mutation]
  4307 | D:5      | Noticed Edmund
  4309 | D:5      | Noticed Menkaure
  4316 | D:5      | Killed Edmund
  4320 | D:5      | Killed Menkaure
  4320 | D:5      | Reached *** piety under Okawaru
  4346 | D:5      | Gained mutation: You are frail. (-10% HP) [hidden defects]
  4585 | D:5      | Reached skill level 8 in Axes
  4699 | D:5      | Reached skill level 5 in Invocations
  4768 | D:5      | Gained mutation: You are dopey. (Int -2) [hidden defects]
  4768 | D:5      | Lost mutation: You have hidden genetic defects. [hidden
                  | defects expressed]
  4773 | D:5      | Noticed Ijyb
  4778 | D:5      | Killed Ijyb
  4947 | D:5      | Received a gift from Okawaru
  5019 | D:5      | Noticed Blork the orc
  5024 | D:5      | Killed Blork the orc
  5251 | D:6      | Found a glowing drain.
  5264 | Sewer    | Entered a sewer
  5425 | Sewer    | Reached XP level 9. HP: 71/71 MP: 12/12
  5539 | D:6      | Found a hide-covered altar of Uskayaw.
  5696 | D:6      | Found a blossoming altar of Fedhas.
  5744 | D:6      | Identified the +0 leather armour "Nyum" {Fly}
  6399 | D:7      | Reached **** piety under Okawaru
  6400 | D:7      | Reached skill level 9 in Axes
  6403 | D:7      | Found a staircase to the Ecumenical Temple.
  6468 | Temple   | Entered the Ecumenical Temple
  6646 | D:7      | Noticed a purple ugly thing
  6656 | D:7      | Killed a purple ugly thing
  6660 | D:7      | Received a gift from Okawaru
  7165 | D:8      | Identified the +1 leather armour "Osutuos" {rPois SInv}
  7188 | D:8      | Noticed Grum
  7198 | D:8      | Killed Grum
  7199 | D:8      | Reached XP level 10. HP: 81/81 MP: 12/14
  7245 | D:8      | Found a runed translucent door.
  7247 | D:8      | Noticed bairyn's ghost (novice DESu)
  7294 | D:8      | Found a shimmering altar of Xom.
  7472 | D:8      | Received a gift from Okawaru
  7552 | D:8      | Found a sparkling altar of Nemelex Xobeh.
  7789 | D:9      | Found Rasche Xing's Superior Scales.
  8072 | D:9      | Reached ***** piety under Okawaru
  8103 | D:9      | Reached skill level 10 in Axes
  8177 | D:9      | Noticed a two-headed ogre
  8179 | D:9      | Reached skill level 5 in Throwing
  8184 | D:9      | Killed a two-headed ogre
  8184 | D:9      | Received a gift from Okawaru
  8356 | D:9      | Found a transporter.
  8362 | D:9      | Noticed a wizard
  8365 | D:9      | Noticed a toenail golem
  8367 | D:9      | Found a transporter.
  8381 | D:9      | Found a one-way gate to the infinite horrors of the Abyss.
  8381 | D:9      | Noticed Runnerthe2's ghost (novice MiBe)
  8381 | D:9      | Noticed a toenail golem
  8753 | D:10     | Entered Level 10 of the Dungeon
  8771 | D:10     | Reached XP level 11. HP: 89/89 MP: 15/15
  8808 | D:10     | Noticed a two-headed ogre
  8810 | D:10     | Identified a scroll of acquirement
  8816 | D:10     | Killed a two-headed ogre
  8876 | D:10     | Reached skill level 10 in Fighting
  8957 | D:10     | Reached skill level 11 in Axes
  8970 | D:10     | Found a snail-covered altar of Cheibriados.
  9438 | D:11     | Found a large runed translucent door.
  9440 | D:11     | Found a large runed translucent door.
  9440 | D:11     | Found a corrupted altar of Lugonu.
  9440 | D:11     | Noticed a white ugly thing
  9442 | D:11     | Noticed a cyan ugly thing
  9443 | D:11     | Noticed a white ugly thing
  9443 | D:11     | Noticed a white ugly thing
  9642 | D:11     | Found a staircase to the Lair.
  9667 | D:11     | Reached skill level 10 in Armour
  9721 | D:11     | Received a gift from Okawaru
  9791 | D:11     | Noticed an orc knight
  9807 | D:11     | Killed an orc knight
  9989 | D:11     | Found a broken altar of Ashenzari.
 10226 | D:11     | Identified the +10 dagger "Curugici" {distort, rC++ Int+2}
 10226 | D:11     | Identified the +2 robe of Biogois {MP+9 Str+2}
 10370 | Lair:1   | Entered Level 1 of the Lair of Beasts
 10655 | Lair:1   | Identified the +8 chain mail of pkoi's Duty {Will+ Int+3}
                  | (Okawaru gifted it to you on level 1 of the Lair of Beasts)
 10655 | Lair:1   | Received a gift from Okawaru
 10678 | Lair:1   | Reached XP level 12. HP: 87/99 MP: 17/17
 10692 | Lair:1   | Reached skill level 12 in Axes
 11827 | Lair:2   | Reached skill level 13 in Axes
 11998 | Lair:2   | Received a gift from Okawaru
 12660 | Lair:2   | Found a staircase to the Snake Pit.
 12675 | Lair:2   | Found a runed translucent door.
 12687 | Lair:2   | Noticed leafyfresh's ghost (journeyman DjIE)
 13159 | Lair:3   | Reached XP level 13. HP: 107/107 MP: 18/18
 13920 | Lair:4   | Found a dark tunnel.
 13934 | Volcano  | Entered a volcano
 14047 | Volcano  | Found a burning altar of Makhleb.
 14062 | Volcano  | Noticed a stone giant
 14078 | Volcano  | Killed a stone giant
 14078 | Volcano  | Received a gift from Okawaru
 14079 | Volcano  | Reached skill level 14 in Axes
 14083 | Volcano  | Reached skill level 10 in Throwing
 14675 | Lair:4   | Found a staircase to the Slime Pits.
 14684 | Lair:4   | Identified the +1 cloak of Duty {rF- rN+++ Int-3} (Okawaru
                  | gifted it to you on level 4 of the Lair of Beasts)
 14684 | Lair:4   | Received a gift from Okawaru
 14753 | Lair:4   | Found a viscous altar of Jiyva.
 14925 | Lair:4   | HP: 5/110 [skyshark (15)]
 15113 | Lair:5   | Entered Level 5 of the Lair of Beasts
 15322 | Lair:5   | Found a gate leading to a gauntlet.
 15359 | Lair:5   | Reached XP level 14. HP: 118/118 MP: 19/19
 15364 | Gauntlet | Entered a Gauntlet
 15364 | Gauntlet | Found a transporter.
 15373 | Gauntlet | Found a transporter.
 15376 | Gauntlet | Found a transporter.
 15377 | Gauntlet | Found a transporter.
 15384 | Gauntlet | Found a runed translucent door.
 15387 | Gauntlet | Found a transporter.
 15388 | Gauntlet | Found a transporter.
 15389 | Gauntlet | Found a transporter.
 15399 | Gauntlet | Found a transporter.
 15401 | Gauntlet | Found a transporter.
 15402 | Gauntlet | Found a transporter.
 15414 | Gauntlet | Found a transporter.
 15415 | Gauntlet | Found a transporter.
 15419 | Gauntlet | Found a transporter.
 15419 | Gauntlet | Found a runed translucent door.
 15419 | Gauntlet | Found a runed translucent door.
 15423 | Gauntlet | Found a transporter.
 15630 | Gauntlet | Reached skill level 15 in Axes
 15670 | Gauntlet | Identified the staff of air "Kearumi" {*Corrode +Blink
                  | rElec Str+2 Int+4}
 15689 | Gauntlet | Identified the staff of fire "Napnyallu" {rF+ Int+4}
 15736 | Gauntlet | Identified the staff of poison "Gurel" {rElec rPois Dex+4}
 15889 | Lair:5   | Received a gift from Okawaru
 16166 | Lair:5   | Received a gift from Okawaru
 16640 | Lair:5   | Reached skill level 15 in Fighting
 16643 | Lair:5   | Received a gift from Okawaru
 17031 | D:12     | Reached skill level 16 in Axes
 17044 | D:12     | Noticed Lodul
 17054 | D:12     | Killed Lodul
 17075 | D:12     | Noticed Frances
 17090 | D:12     | Killed Frances
 17267 | D:12     | Received a gift from Okawaru
 17431 | D:12     | Found a staircase to the Orcish Mines.
 17456 | D:12     | Reached skill level 15 in Armour
 17658 | D:12     | Noticed Nergalle
 17667 | D:12     | Killed Nergalle
 17789 | D:12     | Noticed Sonja
 17830 | Abyss:1  | Cast into level 1 of the Abyss (Sonja)
 17839 | Abyss:1  | Found a corrupted altar of Lugonu.
 17898 | Abyss:1  | Found a corrupted altar of Lugonu.
 17914 | Abyss:1  | Paralysed by accursed screaming for 1 turns
 17990 | Abyss:1  | Noticed a tentacled starspawn
 18008 | Abyss:1  | Killed a tentacled starspawn
 18008 | Abyss:1  | Received a gift from Okawaru
 18063 | Abyss:1  | Noticed a tentacled starspawn
 18070 | Abyss:1  | Killed a tentacled starspawn
 18071 | Abyss:1  | Noticed a tentacled starspawn
 18076 | Abyss:1  | Killed a tentacled starspawn
 18077 | Abyss:1  | Reached skill level 17 in Axes
 18096 | Abyss:1  | Found a corrupted altar of Lugonu.
 18116 | Abyss:1  | Noticed a tentacled starspawn
 18126 | Abyss:1  | Killed a tentacled starspawn
 18167 | Abyss:1  | Succumbed to a death drake's dark miasma

Illustrated notes

Levels and vault maps discovered:
D:1:      ncdulo_smallfort, layout_basic, ebering_ecumenical_altar_petrified,
          minmay_split_cup_large
D:2:      layout_loops_cross, uniq_sigmund, uniq_crazy_yiuf_cottage,
          uniq_terence, uniq_natasha
D:3:      layout_loops_ring, lemuel_coloured_pillars_altar, elyvilon_altar_5,
          hangedman_feature_mirror
D:4:      layout_basic, enter_ossuary_2, hex_large, minmay_circle_x
D:5:      layout_gridville, nicolae_figureground_sparkle, uniq_menkaure,
          uniq_edmund, uniq_ijyb, uniq_blork_the_orc
D:6:      layout_basic, mainiacjoe_overflow_paths,
          eat_drink_and_be_merry_uskayaw, cheibrodos_sewer_entry_drain
D:7:      minmay_cornered_nines, layout_basic, minmay_temple_entry_mist
D:8:      layout_loops_ring, lemuel_round_altar, xom_teletrap_fun,
          hellmonk_ghost_happy_afterlife, uniq_grum
D:9:      layout_long_grid, gammafunk_ghost_abyssal_escape, hellmonk_scale_shop
D:10:     layout_loops_ring, slow_altar_1, nicolae_figureground_pulse
D:11:     due_chaos_kobolds, layout_stronghold, david_lair_generic,
          ashenzari_conservatory_becter
D:12:     layout_grid_maze, kennysheep_orc_monster_closet_entryway,
          grunt_decor_resistance, uniq_lodul, uniq_sonja, uniq_nergalle,
          uniq_frances
Temple:   eino_wide_crystal_templ
Lair:1:   beast_lair_carwin_large_2, layout_loops_ring, serial_bayou,
          serial_bayou_lagoon_b, serial_bayou_shore_a, serial_bayou_pond_a,
          serial_bayou_crossing
Lair:2:   layout_layer_cave, minmay_snake_entry_guardpost_small,
          ebering_ghost_reflecting_pool, minivault_25, columned_hall_lemuel,
          bobbens_dragon_lair_wall
Lair:3:   layout_misc_corridors, nicolae_shoals_entry_flooding,
          mumra_transporter_accident
Lair:4:   layout_cave_pods, minmay_slime_entry_jelly_boxes, enter_volcano_3
Lair:5:   gammafunk_lair_ancient_temple, layout_gridlike,
          gauntlet_entry_generic, minmay_shattered_shrine,
          infiniplex_staircase_pool
Abyss:1:  base: D:10, hangedman_cross_veins, evilmike_abyss_exit_chaos,
          evilmike_abyss_exit_chaos, due_exit_kobolds

Skill      XL: |  1  2  3  4  5  6  7  8  9 10 11 12 13 14 |
---------------+-------------------------------------------+-----
Axes           | 4 5 6 7 8 9 10 11 13 14 17 | 17.1
Armour         | 1 2 3 4 6 8 9 10 12 13 15 | 15.3
Fighting       | 3 4 5 7 8 9 11 12 14 15 | 15.6
Invocations    | 1 2 3 4 5 6 7 9 |  9.0
Throwing       | 4 5 7 9 10 12 | 12.0
Dodging        | 4 |  4.0
Evocations     | |  0.5

Action                     |  1- 3 |  4- 6 |  7- 9 | 10-12 | 13-15 || total
---------------------------+-------+-------+-------+-------+-------++-------
  Melee: War axe           |    85 |   125 |       |       |       ||   210
         Headbutt          |    10 |    24 |    36 |   118 |   164 ||   352
         Broad axe         |       |     4 |   254 |   463 |   685 ||  1406
         Punch             |       |       |     1 |     6 |    20 ||    27
 Invoke: Heroism           |       |       |     3 |     6 |    16 ||    25
         Finesse           |       |       |       |       |     4 ||     4
  Evoke: Wand              |       |       |       |     5 |       ||     5
    Use: Scroll            |     5 |     6 |     7 |     4 |     1 ||    23
         Potion            |     1 |     1 |     8 |       |       ||    10
   Stab: Invisible         |     1 |       |       |       |       ||     1
 Armour: Leather armour    |     7 |       |       |       |       ||     7
         Chain mail        |    28 |    56 |   102 |   301 |   364 ||   851
         Ring mail         |     3 |       |       |       |       ||     3
         Plate armour      |       |       |    19 |    40 |       ||    59
  Dodge: Dodged            |    50 |    94 |   173 |   429 |   498 ||  1244
